 Dungeon Crawl Stone Soup version 0.27-a0-1500-g450c7e4133 (webtiles) character file.

Game seed: 676644081547772641

302833 freelancePsychic the Warrior (level 21, -13/160 (180) HPs)
             Began as a Human Fire Elementalist on July 6, 2021.
             Was the Champion of Ashenzari.
             Killed from afar by a hellephant (83 damage)
             ... with a blast of flame
             ... on level 1 of the Vaults on July 7, 2021.
             The game lasted 03:23:12 (56651 turns).

freelancePsychic the Warrior (HuFE)                Turns: 56651, Time: 03:23:13

HP:   -13/160 (180) AC: 21    Str: 11      XL:     21   Next: 99%
MP:   39/39         EV: 17    Int: 32 (33) God:    Ashenzari [******]
Gold: 1076          SH:  9    Dex: 13      Spells: 17/48 levels left

rFire    . . .     SeeInvis +   W - +9 staff of Wucad Mu {*channel, Self, Fort} (curse)
rCold    . . .     Faith    .   Z - +3 warlock's mirror {reflect, Alch, Bglg} (curse)
rNeg     . . .     Spirit   .   w - +1 ring mail of the Celestial Seer {Will+ Regen+ Int+4, Comp, Elem} (curse)
rPois    +         Reflect  +   i - +2 helmet "Elysian Omission" {Range, Elem} (curse)
rElec    +         Harm     .   x - +0 cloak "Dogma of the Sphere" {Cun, Range} (curse)
rCorr    .         Rampage  .   O - +1 pair of gloves of the Cosmic Chagrin {Bglg, Fort} (curse)
Will     +++..     Clarity  +   k - +0 pair of boots of Ashenzari's Gloom {Evo, Fort} (curse)
Stlth    ++........             e - amulet of the Wild Blue Yonder {RegenMP, Comp, Bglg} (curse)
HPRegen  1.36/turn              I - ring "Cursed With Me" {Will+, Evo, Fort} (curse)
MPRegen  0.51/turn              Q - ring "Eternal With Me" {rElec rPois Int+5, Bglg, Evo} (curse)

@: about to teleport, studying 2 skills, heavily drained
A: no striking features
}: 2/15 runes: serpentine, barnacled
a: Renounce Religion, Shatter the Chains


You were on level 1 of the Vaults.
You worshipped Ashenzari.
Ashenzari was exalted by your worship.
You visited 8 branches of the dungeon, and saw 36 of its levels.
You also visited: Ossuary, Ice Cave and Volcano.

You collected 5496 gold pieces.
You spent 4420 gold pieces at shops.

Inventory:

Hand Weapons
 W - the cursed +9 staff of Wucad Mu (weapon) {*channel, Self, Fort}
   (You took it off a deep elf death mage on level 3 of the Elven Halls)

   It has a curse which improves the following skills: Introspection: Fighting
   and Spellcasting.
   Fortitude: Armour and Shields.
Missiles
 K - 7 throwing nets
Armour
 i - the cursed +2 helmet "Elysian Omission" (worn) {Range, Elem}
   (You found it on level 2 of the Dungeon)

   It has a curse which improves the following skills: Ranged Combat: Slings,
   Bows, Crossbows and Throwing.
   Elements:  Fire Magic, Ice Magic, Air Magic and Earth Magic.
 k - the cursed +0 pair of boots of Ashenzari's Gloom (worn) {Evo, Fort}
   (You found it on level 2 of the Dungeon)

   It has a curse which improves the following skills: Evocations: Evocations.
   Fortitude: Armour and Shields.
 w - the cursed +1 ring mail of the Celestial Seer (worn) {Will+ Regen+ Int+4, Comp, Elem}
   (You found it on level 11 of the Dungeon)

   Int:       It affects your intelligence (+4).
   Regen:     It increases your rate of health regeneration.
   Will:      It increases your willpower.
   It has a curse which improves the following skills: Companions: Summonings
   and Necromancy.
   Elements:  Fire Magic, Ice Magic, Air Magic and Earth Magic.
 x - the cursed +0 cloak "Dogma of the Sphere" (worn) {Cun, Range}
   (You found it on level 4 of the Dungeon)

   It has a curse which improves the following skills: Cunning: Dodging and
   Stealth.
   Ranged Combat: Slings, Bows, Crossbows and Throwing.
 O - the cursed +1 pair of gloves of the Cosmic Chagrin (worn) {Bglg, Fort}
   (You bought it in a shop on level 3 of the Snake Pit)

   It has a curse which improves the following skills: Beguiling: Conjurations,
   Hexes and Translocations.
   Fortitude: Armour and Shields.
 Z - the cursed +3 warlock's mirror (worn) {reflect, Alch, Bglg}
   (You acquired it on level 1 of the Shoals)

   It has a curse which improves the following skills: Alchemy: Poison Magic and
   Transmutations.
   Beguiling: Conjurations, Hexes and Translocations.
Magical Staves
 X - a staff of earth
 Y - a staff of fire
Jewellery
 e - the cursed amulet of the Wild Blue Yonder (around neck) {RegenMP, Comp, Bglg}
   (You found it on level 1 of the Dungeon)

   [amulet of magic regeneration]

   It increases your rate of magic regeneration.
   It has a curse which improves the following skills: Companions: Summonings
   and Necromancy.
   Beguiling: Conjurations, Hexes and Translocations.
 I - the cursed ring "Cursed With Me" (left hand) {Will+, Evo, Fort}
   (You found it on level 7 of the Dungeon)

   [ring of willpower]

   Will:      It increases your willpower.
   It has a curse which improves the following skills: Evocations: Evocations.
   Fortitude: Armour and Shields.
 J - a ring of resist corrosion
 Q - the cursed ring "Eternal With Me" (right hand) {rElec rPois Int+5, Bglg, Evo}
   (You bought it in a shop on level 9 of the Dungeon)

   [ring of poison resistance]

   Int:       It affects your intelligence (+5).
   rElec:     It insulates you from electricity.
   rPois:     It protects you from poison.
   It has a curse which improves the following skills: Beguiling: Conjurations,
   Hexes and Translocations.
   Evocations: Evocations.
 T - a ring of magical power
 V - an amulet of reflection
Wands
 a - a wand of iceblast (66)
 l - a wand of polymorph (10)
 s - a wand of paralysis (23)
 v - a wand of charming (5)
 H - a wand of acid (25)
 N - a wand of flame (119)
 P - a wand of mindburst (21)
 S - a wand of digging (2)
Scrolls
 c - 13 scrolls of magic mapping
 h - a scroll of fear
 p - 9 scrolls of amnesia
 u - a scroll of silence
 y - 8 scrolls of teleportation {@r4}
 z - 2 scrolls of holy word
 A - a scroll of summoning
 B - a scroll of fog
 C - 6 scrolls of enchant weapon
 D - 2 scrolls of blinking
 M - 4 scrolls of brand weapon
Potions
 b - 4 potions of brilliance
 d - 5 potions of haste {@q3}
 f - 10 potions of might
 g - 9 potions of curing {@q1}
 j - 6 potions of berserk rage
 m - 4 potions of attraction
 n - a potion of invisibility
 o - 6 potions of lignification
 q - 5 potions of heal wounds {@q2}
 r - a potion of cancellation
 t - 7 potions of flight
 F - 2 potions of magic
 G - a potion of mutation
 R - 3 potions of ambrosia
 U - a potion of resistance
Miscellaneous
 E - a condenser vane (inert)
 L - a box of beasts


   Skills:
 - Level 16.7(19.2) Fighting
 - Level 13.7(20.2) Armour
 - Level 14.4(17.0) Dodging
 - Level 2.0(4.2) Stealth
 - Level 3.3(9.3) Shields
 - Level 11.4(14.1) Spellcasting
 - Level 12.2(18.8) Conjurations
 - Level 0.9(4.4) Hexes
 - Level 10.6(14.8) Summonings
 - Level 5.9(9.0) Transmutations
 - Level 13.2(17.3) Fire Magic
 - Level 8.7(13.1) Earth Magic
 + Level 14.9(20.2) Evocations


You had 17 spell levels left.
You knew the following spells:

 Your Spells              Type           Power      Damage    Failure   Level
a - Iron Shot             Conj/Erth      45%        9d9       1%          6
b - Sticky Flame          Conj/Fire      95%        2d10      1%          4
c - Bolt of Magma         Conj/Fire/Erth 45%        4d19      1%          5
d - Irradiate             Conj/Tmut      42%        3d27      1%          5
e - Fireball              Conj/Fire      47%        3d19      1%          5
f - Shadow Creatures      Summ           N/A        N/A       1%          6

Your spell library contained the following spells:

 Spells                   Type           Power      Damage    Failure   Level
 Foxfire                  Conj/Fire      100%       2x1d9     0%          1
 Conjure Flame            Conj/Fire      95%        6-21      0%          3
 Apportation              Tloc           58%        N/A       1%          1
 Beastly Appendage        Tmut           100%       N/A       1%          1
 Shock                    Conj/Air       100%       1d9       1%          1
 Sting                    Tmut/Pois      100%       1d8       1%          1
 Ensorcelled Hibernation  Hex/Ice        78%        N/A       1%          2
 Slow                     Hex            50%        N/A       1%          2
 Wereblood                Tmut           69%        N/A       1%          2
 Call Canine Familiar     Summ           87%        N/A       1%          3
 Confusing Touch          Hex            50%        N/A       1%          3
 Dazzling Flash           Conj/Hex       100%       N/A       1%          3
 Ignite Poison            Fire/Tmut/Pois 68%        N/A       1%          3
 Inner Flame              Hex/Fire       75%        N/A       1%          3
 Mephitic Cloud           Conj/Pois/Air  60%        N/A       1%          3
 Spider Form              Tmut/Pois      26%        N/A       1%          3
 Summon Guardian Golem    Hex/Summ       71%        N/A       1%          3
 Leda's Liquefaction      Hex/Erth       34%        N/A       1%          4
 Summon Lightning Spire   Summ/Air       64%        N/A       1%          4
 Lightning Bolt           Conj/Air       35%        1d53      1%          5
 Animate Skeleton         Necr           54%        N/A       2%          1
 Pain                     Necr           100%       1d9       2%          1
 Blade Hands              Tmut           34%        N/A       2%          5
 Blink                    Tloc           N/A        N/A       3%          2
 Sublimation of Blood     Necr           13%        N/A       3%          2
 Portal Projectile        Hex/Tloc       80%        N/A       3%          3
 Borgnjor's Vile Clutch   Necr/Erth      30%        N/A       5%          5
 Statue Form              Tmut/Erth      50%        N/A       5%          6
 Gell's Gravitas          Tloc           14%        N/A       6%          3
 Lesser Beckoning         Tloc           14%        N/A       6%          3
 Teleport Other           Tloc           29%        N/A       6%          3
 Swiftness                Air            27%        N/A       8%          3
 Vampiric Draining        Necr           13%        2d7       8%          3
 Conjure Ball Lightning   Conj/Air       35%        3x3d11    9%          6
 Alistair's Intoxication  Tmut/Pois      34%        N/A       13%         5
 Passage of Golubria      Tloc           N/A        N/A       21%         4
 Airstrike                Air            13%        N/A       24%         4
 Animate Dead             Necr           13%        N/A       24%         4
 Silence                  Hex/Air        19%        N/A       30%         5
 Lehudib's Crystal Spear  Conj/Erth      45%        10d11     30%         8
 Manifold Assault         Tloc           29%        N/A       50%         5
 Agony                    Necr           27%        N/A       56%         5
 Excruciating Wounds      Necr           13%        N/A       56%         5
 Eringya's Noxious Bog    Tmut/Pois      26%        N/A       56%         6
 Dragon Form              Tmut           34%        N/A       56%         7
 Invisibility             Hex            25%        N/A       61%         6
 Death Channel            Necr           13%        N/A       98%         6
 Storm Form               Tmut/Air       26%        N/A       98%         7
 Discord                  Hex            25%        N/A       100%        8
 Disjunction              Tloc           14%        N/A       100%        8
 Necromutation            Tmut/Necr      26%        N/A       100%        8


Dungeon Overview and Level Annotations

Branches:
Dungeon (15/15)            Temple (1/1) D:5            Lair (6/6) D:10
 Shoals (4/4) Lair:3        Snake (4/4) Lair:3        Slime (0/5) Lair:5
    Orc (2/2) D:10            Elf (3/3) Orc:2        Vaults (1/5) D:14
 Depths (0/5) D:15        Ossuary (visited)           IceCv (visited)
Volcano (visited)

Altars:
Ashenzari
Cheibriados
Dithmenos
Elyvilon
Fedhas
Gozag
Kikubaaqudgha
Nemelex Xobeh
Okawaru
Qazlal
Ru
Sif Muna
Trog
Uskayaw
Vehumet
Wu Jian
Xom
Yredelemnul
Zin
The Shining One
Beogh

Shops:
D:4 [   D:5 *   D:8 *   D:9 =   D:12 *   Orc:2 *![?   Elf:2 ?   Shoals:2 (
Snake:1 :   Snake:2 [   Snake:3 [

Annotations:
D:2 exclusion: gnoll
D:7 Maggie
D:8 exclusion: downstairs
D:13 exclusion: 2 fire elementals, Azrael
Elf:2 3 runed translucent doors


Message History

Your vault warden barely misses the hell knight.
Your vault warden hits the hell knight with a +2 battleaxe of flaming.
Your vault warden hits the hell knight with a +2 battleaxe of flaming!!
There is a huge open gate, spattered with blood here.
You swap places.
A balrug opens the door.
The hell knight mumbles some strange words.
The hell knight seems to speed up.
The hell knight hits your vault warden with a +4 battleaxe of flaming.
The hell knight burns your vault warden.
The hell knight hits your vault warden with a +1 halberd of flaming!!
The hell knight burns your vault warden!
Your vault warden dies!
Your vault warden's corpse dissolves into shadows!
The hell knight gestures wildly while chanting.
The hell knight seems to speed up.
A hell knight opens the door. x2
The hellephant blinks!
The hell knight gestures wildly while chanting.
The hell knight seems to speed up.
The hell knight gestures at you while chanting.
The bolt of fire hits the hell knight.
The hell knight completely resists.
The bolt of fire hits the hell knight.
The hell knight completely resists.
The bolt of fire misses the hell knight.
The bolt of fire hits your deep troll!! The bolt of fire misses you.
Your deep troll bites the hell knight!
Your deep troll claws the hell knight but does no damage. x2
Your ironbound preserver hits the hell knight with a +2 vorpal mace!!
The hell knight dies!
Your yaktaur wields a +0 arbalest.
Your yaktaur shoots a bolt.
The bolt barely misses the hell knight.
The bolt hits the hell knight!!
You feel your intelligence returning.
As you read the scroll of teleportation {@r4}, it crumbles to dust.
You feel strangely unstable.
The hell knight hits your deep troll with a +4 long sword!
The hell knight gestures wildly while chanting.
The hell knight seems to speed up.
The hellephant breathes flames at you. The blast of flame hits you!!!!
Ouch! That really hurt!
You die...

########..'++++'+++'..######....
#########..'++/$.)++'..#### #....
#......)'..'++([p.c+'..#### #....
#......)#).'+'p:p.'+'..##########
#.>.....#..''pppppp+'..##########
#......)#..'+pppp2++'..#####...##
#.......#..'++pTT+'+'..####.....#
#.......#..'''TcT''''..###.......
#.......#......ยง@......##..#####.
#########...........Y..'...#...#.
###################'####...#...+.
###############.......##)).#...#.
###############.......###.)#####.
........#.....#......[####.>.....
..###'#.)..[..'.......#####.....#
..#...#.#).)..#.......######...##
..#...#.#######.....^.###########


You could see a hellephant (catching breath), a balrug, 13 hell knights, a
friendly ironbound preserver (summoned), 4 friendly deep trolls and 2 friendly
yaktaurs.

Vanquished Creatures
  Saint Roka (Orc:2)
  Rupert (Orc:2)
  2 deep elf master archers (Elf:3)
  A deep elf blademaster (Elf:3)
  A kraken (Shoals:1)
  Roxanne (Shoals:1)
  Ilsuiw (Shoals:3)
  3 vault wardens (Vaults:1)
  4 nagarajas (Snake:4)
  A frost giant (Shoals:4)
  2 deep elf sorcerers (Elf:3)
  Aizul (Elf:1)
  6 deep elf elementalists
  2 ironbound preservers (Vaults:1)
  9 deep elf demonologists (Elf:3)
  2 dire elephants (Vaults:1)
  7 deep elf annihilators (Elf:3)
  A blizzard demon (IceCv)
  4 deep elf death magi
  8 merfolk javelineers
  An ettin (D:10)
  7 merfolk impalers
  3 deep elf high priests (Elf:3)
  2 caustic shrike simulacra (IceCv)
  Harold (D:8)
  7 naga warriors
  A boulder beetle (Lair:6)
  5 ogre magi
  2 ironbound thunderhulks (Vaults:1)
  9 hydras
  5 merfolk avatars
  2 vault guards (Vaults:1)
  A catoblepas (D:13)
  8 anacondas
  Erica (D:8)
  10 centaur warriors
  17 dancing weapons
  19 two-headed ogres
  5 merfolk aquamancers
  A death knight (D:14)
  3 death yaks (Lair:4)
  5 naga sharpshooters
  2 ironbound beastmasters (Vaults:1)
  Urug (D:11)
  2 tengu warriors (D:15)
  5 shock serpents
  Sonja (Orc:2)
  7 deep elf knights
  4 skeletal warriors
  A salamander mystic (Snake:2)
  5 deep trolls (Vaults:1)
  12 sea snakes
  6 naga ritualists
  An obsidian statue (IceCv)
  6 deep elf archers
  9 wizards
  A bog body (IceCv)
  3 ironbound convokers (Vaults:1)
  3 lindwurms (Vaults:1)
  20 harpies
  2 mana vipers
  3 necromancers
  24 deep elf pyromancers
  2 orc sorcerers
  14 ugly things
  8 fauns
  12 manticores
  3 human zombies (Vaults:1)
  13 deep elf zephyrmancers
  2 salamanders (Snake:2)
  2 elephants (Lair:6)
  16 merfolk sirens
  9 cyclopes
  A human skeleton (Vaults:1)
  19 naga magi
  2 molten gargoyles (D:14)
  5 toenail golems (Volcano)
  3 vault sentinels (Vaults:1)
  2 water nymphs
  A gargoyle (D:12)
  31 black mambas
  2 guardian serpents
  25 cane toads
  2 unseen horrors
  3 kobold demonologists
  11 yaktaurs
  An efreet (D:15)
  A komodo dragon (shapeshifter) (Elf:1)
  4 freezing wraiths
  11 komodo dragons
  5 anaconda simulacra (IceCv)
  5 ice devils (IceCv)
  A rime drake (shapeshifter) (D:14)
  32 merfolk
  A tengu conjurer (D:15)
  5 entropy weaver simulacra (IceCv)
  7 trolls
  4 red devils (Elf:1)
  A polar bear (Lair:6)
  A harpy skeleton (D:14)
  4 tyrant leeches
  A harpy zombie (D:15)
  3 wind drakes
  A hornet (D:9)
  3 slime creatures (D:12)
  10 dream sheep
  27 blink frogs
  5 snapping turtles
  A centaur simulacrum (D:15)
  7 spriggan simulacra (IceCv)
  2 air elementals (Elf:2)
  2 dire elephant simulacra (IceCv)
  A shadow (D:9)
  5 wyverns
  2 wraiths
  2 large abominations (Elf:1)
  12 water elementals
  40 yaks
  A basilisk (shapeshifter) (D:15)
  5 fire elementals
  6 basilisks
  A warg (Orc:1)
  A steam dragon (D:8)
  7 minotaur simulacra (IceCv)
  16 vampire mosquitoes
  Menkaure (D:4)
  An acid dragon (D:14)
  4 harpy simulacra (IceCv)
  29 nagas
  21 water moccasins
  17 orc warriors
  An alligator simulacrum (IceCv)
  3 black bears
  An ice beast (D:5)
  An ettin simulacrum (IceCv)
  A necrophage (D:7)
  8 wolves
  26 ogres
  12 centaurs
  3 phantoms (D:5)
  5 kobold brigands
  22 bullfrogs
  2 elf zombies
  2 scorpions
  An earth elemental (Elf:1)
  A gnoll sergeant (D:6)
  5 deep troll simulacra (IceCv)
  2 water moccasin zombies (D:5)
  A wyvern skeleton (D:7)
  A water moccasin skeleton (D:4)
  A lindwurm simulacrum (IceCv)
  14 killer bees
  7 electric eels
  A crimson imp (D:9)
  3 centaur zombies
  A jelly (D:4)
  21 orc priests
  5 centaur skeletons
  3 hounds (D:5)
  A bullfrog skeleton (D:5)
  Jessica (D:2)
  An iguana (D:7)
  4 hell rats
  20 orc wizards
  A mummy (Ossuary)
  2 hound skeletons (D:4)
  A howler monkey zombie (D:8)
  7 adders
  4 gnolls (D:6)
  A howler monkey skeleton (D:4)
  A river rat (D:5)
  A shadow imp (D:6)
  2 white imps
  An ufetubus (D:6)
  4 worms
  5 dart slugs
  76 orcs
  7 bats
  2 endoplasms
  5 giant cockroaches
  8 goblins
  3 hobgoblins
  8 jackals
  7 quokkas
  4 ball pythons
  6 frilled lizards
  3 gnoll skeletons (Ossuary)
  25 kobolds
  10 kobold skeletons (Ossuary)
  12 orc skeletons (Ossuary)
  6 rats
1189 creatures vanquished.

Vanquished Creatures (collateral kills)
  The ghost of quinnr the Eclecticist, an adept DjAE of Qazlal (Shoals:2)
  The ghost of Mionokh the Severer, an adept HOMo of Beogh (Shoals:2)
  A nagaraja (Snake:4)
  Donald (Shoals:4)
  The ghost of Lotebbim the Severer, an adept FoWn of the Shining One (Shoals:2)
  A vault warden (Vaults:1)
  An ironbound preserver (Vaults:1)
  A merfolk javelineer (Shoals:4)
  2 merfolk impalers
  5 salamander tyrants
  4 naga warriors (Snake:4)
  A merfolk avatar (Shoals:2)
  2 anacondas (Snake:3)
  3 centaur warriors (Vaults:1)
  An ironbound beastmaster (Vaults:1)
  A hell knight (Vaults:1)
  4 naga sharpshooters (Snake:4)
  2 shock serpents
  6 salamander mystics (Snake:4)
  5 naga ritualists
  3 deep trolls (Vaults:1)
  2 deep elf archers
  3 lindwurms (Vaults:1)
  19 salamanders
  A deep elf pyromancer (Elf:1)
  A deep elf zephyrmancer (Elf:1)
  3 mana vipers
  3 necromancers (Elf:1)
  An ugly thing (Vaults:1)
  2 manticores (Shoals:2)
  A guardian serpent (Snake:3)
  7 naga magi
  A merfolk siren (Shoals:2)
  A vault sentinel (Vaults:1)
  6 black mambas
  A cane toad (Lair:6)
  5 yaktaurs (Vaults:1)
  3 wind drakes (Shoals:4)
  5 merfolk
  A snapping turtle (Shoals:4)
  A large abomination (Elf:1)
  16 nagas
  An elf zombie (Elf:1)
  An orc wizard (Orc:2)
  An orc (Orc:2)
  7 foxfires
140 creatures vanquished.

Vanquished Creatures (others)
  A merfolk aquamancer (Shoals:4)
  785 foxfires
  40 fungi
  215 plants
  8 tentacles (Shoals:1)
  4 withered plants (Shoals:2)
1053 creatures vanquished.

Grand Total: 2382 creatures vanquished

Notes
Turn   | Place    | Note
-------+----------+-------------------------------------------
     0 | D:1      | freelancePsychic the Human Fire Elementalist began the
                  | quest for the Orb.
     0 | D:1      | Reached XP level 1. HP: 13/13 MP: 3/3
   489 | D:1      | Reached XP level 2. HP: 19/19 MP: 1/5
  1178 | D:1      | Reached XP level 3. HP: 24/24 MP: 2/6
  1820 | D:2      | Found a faded altar of an unknown god.
  2003 | D:2      | Found an ornate altar of the Wu Jian Council.
  2241 | D:2      | Reached XP level 4. HP: 27/30 MP: 4/8
  2309 | D:2      | Noticed Jessica
  2314 | D:2      | Killed Jessica
  3221 | D:3      | Found a bloodstained altar of Trog.
  3226 | D:3      | Reached XP level 5. HP: 35/35 MP: 6/9
  4361 | D:4      | Reached XP level 6. HP: 30/41 MP: 6/10
  4492 | D:4      | Found a glowing silver altar of Zin.
  4529 | D:4      | Noticed an ogre
  4536 | D:4      | Killed an ogre
  4577 | D:4      | Noticed Menkaure
  4585 | D:4      | Reached skill level 5 in Fire Magic
  4587 | D:4      | Killed Menkaure
  4588 | D:4      | Reached XP level 7. HP: 15/46 MP: 3/11
  4851 | D:4      | Found Giuzid's Armour Shop.
  5016 | D:4      | Reached skill level 5 in Conjurations
  5679 | D:4      | Found an opulent altar of Gozag.
  5813 | D:5      | Entered Level 5 of the Dungeon
  5867 | D:5      | Found a sand-covered staircase.
  5876 | Ossuary  | Entered an ossuary
  5876 | Ossuary  | Noticed a wraith
  5876 | Ossuary  | Noticed a wraith
  5876 | Ossuary  | Noticed a wraith
  6056 | Ossuary  | Noticed a wraith
  6120 | Ossuary  | Killed a wraith
  6121 | Ossuary  | Reached XP level 8. HP: 10/52 MP: 3/12
  6439 | D:5      | Found a staircase to the Ecumenical Temple.
  6450 | Temple   | Entered the Ecumenical Temple
  6460 | Temple   | Became a worshipper of Ashenzari the Shackled
  7409 | D:5      | Found Ruicodocs's Neck Hole.
  7417 | D:5      | Reached XP level 9. HP: 57/57 MP: 9/13
  7528 | D:5      | Found a white marble altar of Elyvilon.
  7850 | D:5      | Learned a level 4 spell: Sticky Flame
  8423 | D:6      | Reached * piety under Ashenzari
  8994 | D:6      | Learned a level 5 spell: Fireball
  9128 | D:7      | Reached ** piety under Ashenzari
  9174 | D:7      | Reached skill level 1 in Fighting
  9308 | D:7      | Found a blossoming altar of Fedhas.
  9491 | D:7      | Found a basalt altar of Yredelemnul.
  9600 | D:7      | Noticed Maggie
  9760 | D:8      | Reached skill level 2 in Fighting
  9936 | D:8      | Reached skill level 3 in Fighting
  9936 | D:8      | Reached XP level 10. HP: 54/70 MP: 2/16
 10240 | D:8      | Reached skill level 4 in Fighting
 10240 | D:8      | Reached skill level 5 in Spellcasting
 10306 | D:8      | Found Ybrer's General Store.
 10323 | D:8      | Noticed Harold
 10840 | D:8      | Found a sparkling altar of Nemelex Xobeh.
 11038 | D:8      | Killed Harold
 11039 | D:8      | Reached skill level 5 in Fighting
 11323 | D:8      | Noticed Erica
 11539 | D:8      | Killed Erica
 11540 | D:8      | Reached skill level 6 in Fighting
 11942 | D:9      | Noticed a centaur warrior
 12341 | D:9      | Found Lothymaw's Jewellery Shop.
 12413 | D:9      | Noticed a wizard
 12423 | D:9      | Killed a wizard
 12424 | D:9      | Reached skill level 1 in Shields
 12424 | D:9      | Reached XP level 11. HP: 83/83 MP: 9/21
 12585 | D:9      | Found a shadowy altar of Dithmenos.
 12781 | D:9      | Killed a centaur warrior
 12782 | D:9      | Reached skill level 7 in Fighting
 13259 | D:9      | Found a glowing golden altar of the Shining One.
 13388 | D:9      | Reached *** piety under Ashenzari
 13406 | D:10     | Entered Level 10 of the Dungeon
 13406 | D:10     | Identified the +5 ring mail "Zoac" {rElec rCorr Int-5}
 13641 | D:10     | Reached skill level 5 in Dodging
 13660 | D:10     | Noticed a two-headed ogre
 13713 | D:9      | Killed a two-headed ogre
 13714 | D:9      | Reached skill level 8 in Fighting
 13999 | D:10     | Found a staircase to the Lair.
 14653 | D:9      | Bought the ring "Veocuysu" {rElec rPois Int+5} for 623 gold
                  | pieces
 14677 | D:10     | Found a transporter.
 14684 | D:10     | Found a transporter.
 14685 | D:10     | Noticed a four-headed hydra
 15011 | D:10     | Reached **** piety under Ashenzari
 15016 | D:10     | Found a staircase to the Orcish Mines.
 15082 | D:10     | Noticed an ettin
 15084 | D:10     | Found a sacrificial altar of Ru.
 15525 | D:11     | Noticed a skeletal warrior
 15562 | D:11     | Noticed a skeletal warrior
 15564 | D:11     | Noticed a skeletal warrior
 15928 | Lair:1   | Entered Level 1 of the Lair of Beasts
 16120 | D:10     | Reached XP level 12. HP: 68/90 MP: 19/22
 16605 | D:10     | Learned a level 5 spell: Bolt of Magma
 16609 | Lair:1   | Reached skill level 1 in Earth Magic
 18118 | Lair:2   | Reached skill level 5 in Earth Magic
 18226 | Lair:2   | Reached ***** piety under Ashenzari
 19067 | Lair:3   | Found a staircase to the Snake Pit.
 19228 | Lair:3   | Reached XP level 13. HP: 71/99 MP: 1/23
 19375 | Lair:3   | Found an iron altar of Okawaru.
 19646 | Lair:3   | Found a staircase to the Shoals.
 19903 | Lair:4   | Noticed a seven-headed hydra
 19992 | Lair:4   | Reached skill level 10 in Fire Magic
 20353 | Lair:4   | Noticed a four-headed hydra
 20454 | Lair:4   | Reached skill level 9 in Fighting
 20648 | Lair:4   | Killed a four-headed hydra
 21029 | Lair:5   | Found a dark tunnel.
 21087 | Volcano  | Entered a volcano
 21402 | Volcano  | Reached skill level 10 in Fighting
 22561 | Lair:5   | Noticed a five-headed hydra
 22586 | Lair:5   | Killed a five-headed hydra
 22759 | Lair:5   | Noticed a seven-headed hydra
 22764 | Lair:5   | Killed a seven-headed hydra
 22765 | Lair:5   | Reached XP level 14. HP: 111/111 MP: 9/24
 22817 | Lair:5   | Identified the +0 helmet "Epsenah" {Str+2}
 22949 | Lair:5   | Found a staircase to the Slime Pits.
 23491 | Lair:5   | Reached skill level 10 in Conjurations
 23656 | Lair:6   | Entered Level 6 of the Lair of Beasts
 23967 | Lair:6   | Found a hide-covered altar of Uskayaw.
 23968 | Lair:6   | Found an ornate altar of the Wu Jian Council.
 23992 | Lair:6   | Reached skill level 11 in Fighting
 26932 | Lair:6   | Learned a level 5 spell: Irradiate
 27153 | Orc:1    | Entered Level 1 of the Orcish Mines
 27205 | D:10     | Reached XP level 15. HP: 108/119 MP: 16/26
 27373 | Orc:1    | Reached skill level 1 in Transmutations
 27496 | Orc:2    | Entered Level 2 of the Orcish Mines
 27503 | Orc:2    | Noticed Rupert
 27513 | Orc:2    | Killed Rupert
 27513 | Orc:2    | Noticed Saint Roka
 29341 | Orc:2    | Reached skill level 5 in Transmutations
 29342 | Orc:2    | Killed Saint Roka
 29951 | Orc:2    | Found a staircase to the Elven Halls.
 29968 | Orc:2    | Reached skill level 10 in Spellcasting
 30003 | Orc:2    | Noticed Sonja
 30029 | Orc:2    | Killed Sonja
 30292 | Orc:2    | Found Woakomee's Armour Shoppe.
 30292 | Orc:2    | Found Yloap's Assorted Antiques.
 30293 | Orc:2    | Found Beff's Magic Scroll Boutique.
 30293 | Orc:2    | Found Daotz's Distillery.
 30302 | Orc:2    | Bought a potion of heal wounds for 70 gold pieces
 30302 | Orc:2    | Bought a potion of haste for 140 gold pieces
 30302 | Orc:2    | Bought a potion of heal wounds for 70 gold pieces
 30509 | D:11     | Noticed Urug
 30515 | D:11     | Killed Urug
 31101 | D:11     | Identified the +1 ring mail "Cyhuityst" {Will+ Regen+
                  | Int+4}
 31212 | D:11     | Reached XP level 16. HP: 125/125 MP: 15/30
 31291 | D:11     | Reached skill level 1 in Armour
 32216 | D:12     | Found Zin's Purification Station.
 32216 | D:12     | Found a glowing silver altar of Zin.
 32932 | D:13     | Noticed Azrael
 33528 | D:14     | Found a snail-covered altar of Cheibriados.
 33733 | D:14     | Identified the amulet "Joadwon" {rN+ Regen+ Dex+4}
 33867 | D:14     | Reached skill level 10 in Dodging
 33947 | D:14     | Reached skill level 5 in Armour
 33994 | D:14     | Reached skill level 12 in Fighting
 34054 | D:14     | Upgraded the game from 0.27-a0-1456-gf5a116941d to
                  | 0.27-a0-1500-g450c7e4133
 34218 | D:14     | Found a gate to the Vaults.
 34524 | D:15     | Entered Level 15 of the Dungeon
 35052 | D:15     | Found a staircase to the Depths.
 35397 | D:15     | Reached XP level 17. HP: 117/135 MP: 27/31
 35915 | Snake:1  | Entered Level 1 of the Snake Pit
 36161 | Snake:1  | Found a frozen archway.
 36222 | IceCv    | Entered an ice cave
 36529 | IceCv    | Reached skill level 10 in Armour
 37231 | IceCv    | HP: 6/135 [blizzard demon/freezing blast (21)]
 37473 | IceCv    | Identified the +1 helmet of the Lute {+Blink Slay+2}
 38034 | Snake:1  | Found Fuzuof's Self-Improvement Boutique.
 38043 | Snake:1  | Bought a manual of Summonings for 1600 gold pieces
 38130 | Snake:1  | Found the +5 scythe "Finisher" {speed, eviscerate}
 38161 | Snake:1  | Reached skill level 1 in Summonings
 38939 | Snake:2  | Reached skill level 5 in Summonings
 39264 | Snake:2  | Found Exeipt's Antique Armour Shoppe.
 39284 | Snake:2  | Learned a level 6 spell: Shadow Creatures
 39922 | Snake:3  | Found Bila's Antique Armour Emporium.
 39930 | Snake:3  | Bought a pair of gloves for 139 gold pieces
 40180 | D:8      | Bought a scroll of enchant armour for 82 gold pieces
 40181 | D:8      | Reached ****** piety under Ashenzari
 40434 | Snake:3  | Identified the +4 scale mail of the Pink Corner {-Cast rF++
                  | rN++}
 40453 | Snake:3  | Reached XP level 18. HP: 142/142 MP: 11/32
 40461 | Snake:3  | Reached skill level 10 in Summonings
 41416 | Snake:4  | Entered Level 4 of the Snake Pit
 41470 | Snake:4  | Reached skill level 13 in Fighting
 42905 | Snake:4  | Reached skill level 14 in Fighting
 43647 | Snake:4  | HP: 6/146 [nagaraja/bolt of poison (5)]
 44224 | Snake:4  | Got a serpentine rune of Zot
 44635 | Elf:1    | Entered Level 1 of the Elven Halls
 44774 | Elf:1    | Reached skill level 15 in Fighting
 45004 | Elf:1    | Reached XP level 19. HP: 155/155 MP: 11/34
 45187 | Elf:1    | Identified the Volume of Stolen Souls
 45407 | Elf:1    | Noticed Aizul
 45441 | Elf:1    | Killed Aizul
 45911 | Elf:1    | Reached skill level 16 in Fighting
 46207 | Elf:2    | Found Aletuis's Magic Scroll Boutique.
 46207 | Elf:2    | Identified the +0 leather armour of Incorporation {rElec
                  | rF+ rCorr Str-3}
 46223 | Elf:2    | Bought a scroll of teleportation for 48 gold pieces
 46223 | Elf:2    | Bought a scroll of teleportation for 48 gold pieces
 46274 | Elf:2    | Found a runed translucent gate.
 46274 | Elf:2    | Found a runed translucent gate.
 46274 | Elf:2    | Found a runed translucent gate.
 46518 | Elf:2    | Identified a scroll of acquirement
 46540 | Elf:2    | Acquired 1229 gold pieces
 46764 | Elf:2    | Paralysed by an air elemental for 1 turns
 46995 | Elf:3    | Entered Level 3 of the Elven Halls
 47287 | Snake:1  | Bought a manual of Dodging for 1600 gold pieces
 47875 | Elf:3    | Noticed a deep elf blademaster
 48178 | Elf:3    | Found a radiant altar of Vehumet.
 48552 | Elf:3    | Identified the +9 halberd "Jupem" {drain, rC+}
 48577 | Elf:3    | Identified the +1 scale mail of Hubris {SInv}
 48861 | Elf:3    | Identified the +8 rapier "Jiub Elou" {elec, SInv}
 48864 | Elf:3    | Noticed a Tzitzimitl
 48869 | Elf:3    | Reached XP level 20. HP: 161/162 MP: 21/35
 49417 | Elf:3    | Identified the Reference Book on Icy Execration
 49420 | Elf:3    | Identified the Reference Book on the Entrancing Rocks
 49489 | Elf:3    | Reached skill level 5 in Evocations
 49498 | Elf:3    | Identified Dokyris's Guide on Orientation
 49564 | Elf:3    | Identified the +2 shortbow of Discomfort {vorpal, Dex+2}
 49679 | Elf:3    | Noticed a Hell Sentinel
 49864 | Elf:3    | Learned a level 6 spell: Iron Shot
 50084 | Shoals:1 | Entered Level 1 of the Shoals
 50106 | Shoals:1 | Acquired the +3 warlock's mirror {reflect}
 50107 | Shoals:1 | Found the +3 warlock's mirror {reflect}
 50142 | Shoals:1 | Identified Roxanne's Grimoire of Transformation
 50142 | Shoals:1 | Noticed Roxanne
 50151 | Shoals:1 | Killed Roxanne
 51468 | Shoals:2 | Found a runed translucent gate.
 51469 | Shoals:2 | Found a runed translucent gate.
 51470 | Shoals:2 | Found a runed translucent gate.
 51471 | Shoals:2 | Noticed quinnr's ghost (adept DjAE)
 51472 | Shoals:2 | Noticed Mionokh's ghost (adept HOMo)
 51472 | Shoals:2 | Noticed Lotebbim's ghost (adept FoWn)
 51473 | Shoals:2 | Identified the +5 quarterstaff "Danetzur" {vorpal, Dex+2}
 51622 | Shoals:2 | Found Oqefeoc's Antique Weapon Shop.
 51882 | Shoals:3 | Noticed Ilsuiw
 51921 | Shoals:3 | Killed Ilsuiw
 52791 | Shoals:4 | Entered Level 4 of the Shoals
 52797 | Shoals:4 | Reached skill level 10 in Evocations
 52819 | Shoals:4 | Noticed Donald
 53034 | Shoals:4 | Identified the +9 spear of Context {protect, rPois rF-
                  | Int+5}
 53049 | Shoals:4 | Reached XP level 21. HP: 179/180 MP: 9/39
 53116 | Shoals:4 | Killed Donald
 53329 | Shoals:4 | Identified the +10 great sword of Bespelled Honour {flame,
                  | rPois Dex+3}
 53551 | Shoals:4 | Learned a level 6 spell: Statue Form
 53564 | Shoals:4 | Identified the cursed +1 pair of gloves of the Cosmic
                  | Chagrin {Bglg, Fort} (You bought it in a shop on level 3 of
                  | the Snake Pit)
 53564 | Shoals:4 | Identified the cursed +0 pair of boots of Ashenzari's Gloom
                  | {Evo, Fort} (You found it on level 2 of the Dungeon)
 53794 | Shoals:4 | Identified the +8 great sword of Shame {speed, rN+}
 54086 | Shoals:4 | Got a barnacled rune of Zot
 54686 | Shoals:2 | Killed Mionokh's ghost
 54694 | Shoals:2 | Killed Lotebbim's ghost
 54700 | Shoals:2 | Killed quinnr's ghost
 55028 | Vaults:1 | Entered Level 1 of the Vaults
 55189 | Vaults:1 | Found a huge runed gate.
 55189 | Vaults:1 | Found a huge runed gate.
 55189 | Vaults:1 | Found a huge runed gate.
 55189 | Vaults:1 | Found a huge runed gate.
 55189 | Vaults:1 | Found a huge runed gate.
 55189 | Vaults:1 | Found a huge runed gate.
 55191 | Vaults:1 | Found a huge runed gate.
 55191 | Vaults:1 | Found a huge runed gate.
 55191 | Vaults:1 | Found a huge runed gate.
 55191 | Vaults:1 | Found a huge runed gate.
 55192 | Vaults:1 | Found a huge runed gate.
 55194 | Vaults:1 | Found a huge runed gate.
 55194 | Vaults:1 | Found a huge runed gate.
 55194 | Vaults:1 | Found a huge runed gate.
 55194 | Vaults:1 | Found a huge runed gate.
 55195 | Vaults:1 | Found a huge runed gate.
 55196 | Vaults:1 | Found a huge runed gate.
 55197 | Vaults:1 | Found a huge runed gate.
 55205 | Vaults:1 | Found a huge runed gate.
 55208 | Vaults:1 | Found a huge runed gate.
 55208 | Vaults:1 | Found a huge runed gate.
 55208 | Vaults:1 | Found a huge runed gate.
 55213 | Vaults:1 | Found a huge runed gate.
 55213 | Vaults:1 | Found a huge runed gate.
 55213 | Vaults:1 | Found a huge runed gate.
 55214 | Vaults:1 | Found a huge runed gate.
 55215 | Vaults:1 | Found a huge runed gate.
 55216 | Vaults:1 | Found a huge runed gate.
 55219 | Vaults:1 | Found a huge runed gate.
 55219 | Vaults:1 | Found a huge runed gate.
 55235 | Vaults:1 | Found a huge runed gate.
 55308 | Vaults:1 | Found a huge runed gate.
 55308 | Vaults:1 | Found a huge runed gate.
 55308 | Vaults:1 | Found a huge runed gate.
 55308 | Vaults:1 | Found a huge runed gate.
 55309 | Vaults:1 | Found a huge runed gate.
 56651 | Vaults:1 | Killed from afar by a hellephant

Illustrated notes

Levels and vault maps discovered:
D:1:      kennysheep_arrival_seaside, layout_loops_ring,
          chequers_serial_rivers_small_3, serial_bayou_pond_a
D:2:      layout_loops_ring, shapermc_ecumenical_altar_totnotflames,
          basic_altar, chequers_serial_rivers_micro_c, grunt_decor_resistance,
          kennysheep_jessica_study
D:3:      minmay_chambers_of_twos, layout_loops_ring, trog_antimagical,
          hangedman_abyss_or_decor_stabs, serial_bayou_ford_a,
          minmay_close_crescents, uniq_jessica
D:4:      layout_basic, pdpol_temple_overflow_zin_treasury_gozag_greed,
          serial_shops, nicolae_stop_n_shop_1, uniq_menkaure
D:5:      layout_basic, lemuel_coloured_pillars_altar,
          minmay_temple_entry_overgrown, gup_sewer_entry_bubbles,
          nicolae_ossuary_entry_ruins, roderic_roman_lattice,
          nicolae_shop_sticking_my_neck_out
D:6:      layout_loops_ring, minmay_diced_spiral
D:7:      layout_cave_pools, fedhas_altar_fruit_tree, kennysheep_mini,
          uniq_maggie
D:8:      layout_rooms, nemelex_xobeh_ov_fountains_minmay, serial_shops,
          nicolae_shop_temple_entry_statues_fountains, uniq_harold, uniq_erica
D:9:      layout_irregular_city, grunt_dithmenos_shadows, tso_altar,
          serial_shops, shop_statue, lightli_wizard_tower
D:10:     layout_loops_ring, gammafunk_temple_overflow_arena,
          minmay_lair_entry_grove, david_orc_2
D:11:     layout_basic, uniq_urug
D:12:     layout_basic, zin_purify
D:13:     layout_gridville, uniq_azrael
D:14:     cheibrodos_statue_roulette, layout_long_grid,
          hangedman_vaults_entry_quadrant_bands, chequers_arboretum,
          glass_columns_c, cheibriados_altar_1
D:15:     grunt_enter_depths_magical_seal, layout_loops_corners,
          grunt_decor_one_mirror, minivault_11
Temple:   nicolae_temple_x_marks_the_god
Lair:1:   layout_misc_corridors, grunt_megastairs_5
Lair:2:   layout_roguey, grunt_forest_small_clearing_treed
Lair:3:   layout_gridlike, minmay_shoals_entry_beasts,
          minmay_snake_entry_guardpost_small, basic_altar, fungi_pond_lemuel,
          st_stairs_7, grunt_megastairs_1
Lair:4:   layout_long_grid
Lair:5:   layout_roguey, dpeg_slime_entry_corner,
          nicolae_volcano_entry_two_sided
Lair:6:   minmay_lair_end_frog_pond, layout_cave_pods,
          nzn_masters_of_martial_movement
Shoals:1: layout_shoals, uniq_roxanne
Shoals:2: layout_shoals, gammafunk_ghost_cemetery, nicolae_shoals_c_island
Shoals:3: layout_shoals, uniq_ilsuiw
Shoals:4: shoals_end_grunt_ice, layout_shoals, uniq_donald
Snake:1:  layout_layer_cave, portal_ice_cave_entry_pillars_2,
          nicolae_shop_self_help, grunt_megastairs_2
Snake:2:  layout_misc_corridors, eino_curves_03, minmay_shop_star
Snake:3:  layout_chambers, serial_shops, nicolae_shop_crystal,
          serial_bayou_shore_b
Snake:4:  snake_pit, layout_cave_town, grunt_ministairs_2,
          nicolae_snake_gridmaze_tees, lemuel_fruit_tree
Orc:1:    layout_caves, nicolae_orc_lost_temple
Orc:2:    st_orc_ogre_mass, layout_caves, uniq_rupert, uniq_sonja,
          uniq_saint_roka
Elf:1:    layout_geoelf_diagonals, minmay_elf_necromancy,
          einodemon_armed_red_devil_minivault, uniq_aizul
Elf:2:    layout_geoelf_diagonals, serial_shops, shop_scrolls
Elf:3:    grunt_elf_hall_diamonds, layout_geoelf_castle, basic_altar
Vaults:1: vaults_not_door_vault_due, hangedman_vaults_maws,
          nicolae_vaults_diagonal_hallway_6, v_misc_15, v_rooms_1, v_misc_2,
          hangedman_vaults_corner_blocks, v_alt_pattern_6,
          vaults_room_grunt_arrival_ludios, ontoclasm_vaults_idyll, v_rooms_6,
          vaults_dpeg_hooks, layout_vaults_omnicross

Skill      XL: |  1  2  3  4  5  6  7  8  9 10 11 12 13 14 15 16 17 18 19 20 21 |
---------------+----------------------------------------------------------------+-----
Conjurations   | 2 3 4 5 7 8 9 11 12 | 12.2
Spellcasting   | 3 4 6 7 10 11 | 11.4
Fire Magic     | 4 5 6 7 8 9 11 12 13 | 13.2
Fighting       | 3 6 8 10 11 12 15 16 | 16.7
Evocations     | 2 3 10 14 | 14.9
Dodging        | 3 6 9 10 11 13 14 | 14.4
Shields        | 1 3 |  3.3
Earth Magic    | 5 7 8 |  8.7
Transmutations | 5 |  5.9
Armour         | 6 12 13 | 13.7
Summonings     | 9 10 | 10.6
Stealth        | |  2.0
Hexes          | |  0.9

Action                   |  1- 3 |  4- 6 |  7- 9 | 10-12 | 13-15 | 16-18 | 19-21 || total
-------------------------+-------+-------+-------+-------+-------+-------+-------++-------
Melee: Unarmed           |     8 |       |       |       |       |       |       ||     8
       Spear             |    16 |     2 |       |       |       |       |       ||    18
       Dagger            |       |    50 |    80 |   115 |   112 |   106 |    26 ||   489
       Staff             |       |       |       |       |       |       |    72 ||    72
 Cast: Foxfire           |    66 |    83 |   258 |    42 |     3 |       |       ||   452
       Sticky Flame      |       |       |     9 |    58 |    25 |    14 |     2 ||   108
       Fireball          |       |       |     3 |    90 |    24 |    24 |   203 ||   344
       Bolt of Magma     |       |       |       |    42 |   315 |   437 |   177 ||   971
       Irradiate         |       |       |       |       |    21 |    34 |    54 ||   109
       Shadow Creatures  |       |       |       |       |       |   100 |    79 ||   179
       Iron Shot         |       |       |       |       |       |       |   146 ||   146
       Statue Form       |       |       |       |       |       |       |     1 ||     1
Invok: Curse Item        |       |       |     3 |     6 |     1 |     2 |     2 ||    14
       Shatter the Chain |       |       |       |     1 |     1 |       |     2 ||     4
 Abil: End Transformatio |       |       |       |       |       |       |     1 ||     1
Evoke: Wand              |       |       |       |     6 |    28 |       |     7 ||    41
       Box of beasts     |       |       |       |       |     2 |       |     1 ||     3
       Condenser vane    |       |       |       |       |       |       |     2 ||     2
  Use: Scroll            |     1 |       |     8 |     5 |     2 |     8 |     9 ||    33
       Potion            |       |       |     2 |     1 |     5 |     3 |     7 ||    18
 Stab: Sleeping          |     1 |     5 |     1 |       |       |     1 |     1 ||     9
       Invisible         |       |       |       |       |     2 |       |       ||     2
       Distracted        |       |       |       |       |       |       |     2 ||     2
Armor: Robe              |     6 |    15 |    39 |    71 |    44 |       |       ||   175
       Ring mail         |       |       |       |       |     3 |   163 |   133 ||   299
       Skin              |       |       |       |       |       |       |     4 ||     4
Dodge: Dodged            |    33 |    37 |   117 |   206 |   224 |   252 |   263 ||  1132
Block: Buckler           |       |       |       |     6 |   102 |   128 |   150 ||   386
       Reflection        |       |       |       |       |       |       |    33 ||    33

Table legend: (Time is in decaauts)
 A = Elapsed time spent in this place.
 B = Non-inter-level travel time spent in this place.
 C = Inter-level travel time spent in this place.
 D = Time resting spent in this place.
 E = Time spent auto-exploring this place.
 F = Levels seen in this place.
 G = Mean time per level.
                   A        B        C        D        E       F      G
               +--------+--------+--------+--------+--------+-----+--------+
         Total |  57166 |  53667 |   3499 |   8221 |  34906 |  39 | 1465.8 |
       Dungeon |  22373 |  21090 |   1283 |   2718 |  15168 |  15 | 1491.5 |
        Temple |     20 |     20 |      0 |      0 |      0 |   1 |   20.0 |
          Lair |   9381 |   8421 |    960 |    920 |   5902 |   6 | 1563.5 |
        Shoals |   5056 |   4785 |    271 |    588 |   3118 |   4 | 1264.0 |
     Snake Pit |   7103 |   6675 |    428 |    554 |   4455 |   4 | 1775.8 |
  Orcish Mines |   3332 |   3058 |    274 |   1525 |   1080 |   2 | 1666.0 |
   Elven Halls |   4963 |   4682 |    281 |    696 |   2566 |   3 | 1654.3 |
        Vaults |   1627 |   1627 |      0 |      0 |   1273 |   1 | 1627.0 |
       Ossuary |    517 |    517 |      0 |     97 |    234 |   1 |  517.0 |
      Ice Cave |   1312 |   1312 |      0 |    255 |    800 |   1 | 1312.0 |
       Volcano |   1476 |   1476 |      0 |    867 |    307 |   1 | 1476.0 |
               +--------+--------+--------+--------+--------+-----+--------+

Top non-repeatable levels by time:
  Lair:5: 2854 daAuts
 Snake:4: 2589 daAuts
    D:10: 2567 daAuts
   Orc:1: 2501 daAuts
   Elf:3: 2096 daAuts
     D:9: 2047 daAuts
 Snake:3: 1797 daAuts
 Snake:1: 1762 daAuts
     D:8: 1720 daAuts
     D:5: 1707 daAuts
   Elf:1: 1705 daAuts
  Lair:6: 1668 daAuts
     D:7: 1646 daAuts
Vaults:1: 1627 daAuts
    D:11: 1619 daAuts
